 Dungeon Crawl Stone Soup version 0.19-a0-1057-g15bb84d (webtiles) character file.

4834 HAL9000 the Carver (level 10, 0/90 HPs)
             Began as a Minotaur Fighter on Aug 2, 2016.
             Was an Initiate of Ru.
             Killed by vampiric draining
             ... invoked by a vampire
              (4 damage)
             ... on level 9 of the Dungeon.
             The game lasted 00:20:37 (7777 turns).

HAL9000 the Carver (Minotaur Fighter)               Turns: 7777, Time: 00:20:37

Health: 0/90       AC: 18    Str: 26    XL:     10   Next: 25%
Magic:  9/9        EV:  7    Int:  5    God:    Ru [......]
Gold:   310        SH: 12    Dex: 15    Spells: 0 memorised, 9 levels left

rFire  + + .     SeeInvis .     E - +0 scimitar
rCold  . . .     Gourm    .     W - +1 chain mail {rF+}
rNeg   . . .     Faith    .     c - +0 shield
rPois  .         Spirit   .     (helmet restricted)
rElec  .         Dismiss  .     o - +0 cloak
rCorr  .         Reflect  .     X - +0 pair of gloves
SustAt .         Harm     .     h - +2 pair of boots
MR     .....                    (no amulet)
Stlth  ..........               J - ring of protection from fire
                                k - +2 ring of dexterity

@: mighty, flying, not resistant to hostile enchantments, extremely unstealthy
A: retaliatory headbutt, horns 2, missing an eye
a: Sacrifice Love, Sacrifice Essence, Sacrifice Nimbleness, Reject Sacrifices,
Renounce Religion


You were on level 9 of the Dungeon.
You worshipped Ru.
Ru was noncommittal.
You were hungry.

You visited 2 branches of the dungeon, and saw 10 of its levels.

You collected 386 gold pieces.
You spent 76 gold pieces at shops.

Inventory:

Hand Weapons
 E - a +0 scimitar (weapon)
Armour
 c - a +0 shield (worn)
 h - a +2 pair of boots (worn)
 o - a +0 cloak (worn)
 W - a +1 chain mail of fire resistance (worn)
 X - a +0 pair of gloves (worn)
Jewellery
 k - a +2 ring of dexterity (left hand)
 J - a ring of protection from fire (right hand)
Wands
 I - a wand of flame (38/48)
 L - a wand of slowing (35/48)
 M - a wand of digging (12/24)
 U - a wand of confusion (26/48)
Scrolls
 g - a scroll of enchant armour
 m - a scroll of fog
 v - 4 scrolls of remove curse
 w - 3 scrolls of noise {unknown}
 x - 2 scrolls of random uselessness {unknown}
 y - 3 scrolls of enchant weapon {unknown}
 z - a scroll of blinking {unknown}
 B - 5 scrolls of identify {unknown}
 C - 2 scrolls of recharging {unknown}
 D - a scroll of fear {unknown}
 N - a scroll of holy word {unknown}
 O - a scroll of acquirement {unknown}
 P - a scroll of teleportation {unknown}
 S - a scroll of amnesia
Potions
 i - 3 potions of flight
 j - a potion of heal wounds
 n - 2 potions of brilliance {unknown}
 q - a potion of mutation {unknown}
 s - 2 potions of lignification {unknown}
 G - a potion of haste {unknown}
 K - a potion of agility {unknown}
 T - 2 potions of invisibility {unknown}
Books
 Q - a Young Poisoner's Handbook

   Spells                             Type                      Level
   a - Sting                          Conjuration/Poison           1
   b - Mephitic Cloud                 Conjuration/Poison/Air       3
   c - Olgreb's Toxic Radiance        Poison                       4
   d - Alistair's Intoxication        Transmutation/Poison         5
   e - Venom Bolt                     Conjuration/Poison           5
Comestibles
 f - 7 bread rations
 r - 3 meat rations
 F - 7 beef jerkies


   Skills:
 + Level 8.7 Fighting
 * Level 11.6 Long Blades
 + Level 9.0 Armour
 + Level 8.9 Shields


You had 9 spell levels left.
You didn't know any spells.

Dungeon Overview and Level Annotations

Branches:
Dungeon (9/15)             Temple (1/1) D:5            Lair (0/6) D:8
    Orc: D:9-12

Altars:
Ashenzari
Cheibriados
Dithmenos
Elyvilon
Fedhas
Gozag
Hepliaklqana
Kikubaaqudgha
Makhleb
Nemelex Xobeh
Okawaru
Pakellas
Ru
Uskayaw
Vehumet
Xom
Yredelemnul
Zin
The Shining One

Shops:
D:4 }   D:9 [


Innate Abilities, Weirdness & Mutations

You reflexively headbutt those who attack you in melee.
You have a pair of horns on your head.
You are missing an eye, making it more difficult to aim.


Message History

The vampire draws strength from your injuries!
Unknown command.
You bump into the rock wall.
The vampire hits you but does no damage.
The vampire bites you.
* * * LOW HITPOINT WARNING * * *
The vampire draws strength from your injuries!
The vampire completely misses you. The vampire closely misses you.
The vampire hits you but does no damage.
The vampire bites you but does no damage.
All of the chunks of flesh in your inventory have rotted away.
You bump into the rock wall.
You feel less confused.
The vampire is infused with unholy energy.
* * * LOW HITPOINT WARNING * * *
The vampire draws life force from you and is healed!
You closely miss the vampire. Your headbutt misses the vampire.
The vampire is lightly damaged.
The vampire is infused with unholy energy.
You die...

##'##### #.......#
#(.# ####+####
###'## ### #....#
#.. #....# ##.######
#....### #.......##
#...⌠.⌠# #.........
#....∩.#####.......#
#...⌠.⌠@V..#.......#
###+#...##..)......#
########.......#
#####.### #


You could see a vampire.

Vanquished Creatures
  Pikel (D:6)
  The ghost of Meriados the Magician, a novice DEFE (D:7)
  Sigmund (D:6)
  A hippogriff (D:7)
  A hungry ghost (D:8)
  Menkaure (D:6)
  Duvessa (D:6)
  An orc warrior (D:7)
  4 sky beasts
  3 slaves (D:6)
  An ice beast (D:8)
  A black bear (D:6)
  4 ogres
  A wasp (D:9)
  The ghost of JustSomeDude the Skirmisher, an amateur DsMo of Ashenzari (D:3)
  2 centaurs (D:6)
  A crocodile (D:7)
  3 giant frogs
  A big kobold (D:8)
  Dowan (D:6)
  2 scorpions
  9 wights
  5 howler monkeys
  3 crimson imps
  2 lava snakes (D:7)
  5 hounds
  5 orc priests
  A giant frog zombie (D:5)
  2 orc wizards
  Crazy Yiuf (D:2)
  A centaur skeleton (D:5)
  A giant frog skeleton (D:3)
  2 iguanas
  5 worker ants
  A hound skeleton (D:8)
  9 adders
  A gnoll (D:6)
  2 shadow imps
  3 oozes
  An adder skeleton (D:5)
  7 worms
  A dart slug (D:2)
  5 giant geckos
  36 orcs
  4 giant cockroaches
  2 gnoll zombies (D:7)
  9 goblins
  7 hobgoblins
  11 jackals
  3 quokkas
  A ball python (D:2)
  8 bats
  A giant gecko skeleton (D:5)
  6 giant newts
  A jackal zombie (D:7)
  10 kobolds
  8 rats
212 creatures vanquished.

Vanquished Creatures (others)
  A worker ant zombie (D:6)
  An adder (D:6)
2 creatures vanquished.

Grand Total: 214 creatures vanquished

Notes
Turn   | Place    | Note
-------+----------+-------------------------------------------
     0 | D:1      | HAL9000 the Minotaur Fighter began the quest for the Orb.
     0 | D:1      | Reached XP level 1. HP: 19/19 MP: 0/0
   127 | D:1      | Reached XP level 2. HP: 21/27 MP: 1/1
   224 | D:1      | Reached skill level 3 in Long Blades
   369 | D:1      | Reached XP level 3. HP: 32/33 MP: 2/2
   605 | D:2      | Found a runed door.
   609 | D:2      | Noticed Crazy Yiuf
   620 | D:2      | Killed Crazy Yiuf
   620 | D:2      | Reached XP level 4. HP: 11/40 MP: 3/3
   883 | D:2      | Found a glowing golden altar of the Shining One.
   937 | D:2      | Reached skill level 4 in Long Blades
   948 | D:2      | Found a sparkling altar of Nemelex Xobeh.
  1476 | D:3      | Noticed JustSomeDude's ghost (amateur DsMo)
  1494 | D:3      | Killed JustSomeDude's ghost
  1494 | D:3      | Reached XP level 5. HP: 43/47 MP: 4/4
  1639 | D:3      | Reached skill level 5 in Long Blades
  1851 | D:3      | Reached skill level 5 in Armour
  1900 | D:3      | Reached XP level 6. HP: 53/55 MP: 5/5
  2110 | D:4      | Found Eqaedyeq's Gadget Emporium.
  2139 | D:4      | Reached skill level 5 in Fighting
  2139 | D:4      | Reached skill level 5 in Shields
  2606 | D:5      | Entered Level 5 of the Dungeon
  2672 | D:5      | Found a staircase to the Ecumenical Temple.
  2677 | Temple   | Entered the Ecumenical Temple
  2726 | Temple   | Became a worshipper of Ru the Awakened
  2787 | D:5      | Found a shimmering altar of Xom.
  2926 | D:5      | Reached skill level 6 in Long Blades
  2926 | D:5      | Reached XP level 7. HP: 61/61 MP: 6/6
  2967 | D:5      | Found a shadowy altar of Dithmenos.
  3344 | D:6      | Noticed Menkaure
  3352 | D:6      | Killed Menkaure
  3422 | D:6      | Reached skill level 7 in Long Blades
  3462 | D:6      | Found a shattered altar of Ashenzari.
  3504 | D:6      | Reached XP level 8. HP: 39/70 MP: 7/7
  3950 | D:6      | Noticed Pikel
  3972 | D:6      | Killed Pikel
  3972 | D:6      | Reached skill level 8 in Long Blades
  4043 | D:6      | Noticed Sigmund
  4048 | D:6      | Noticed Dowan
  4069 | D:6      | Reached skill level 9 in Long Blades
  4079 | D:6      | Killed Sigmund
  4097 | D:6      | Reached XP level 9. HP: 26/79 MP: 8/8
  4372 | D:5      | Gained mutation: You are missing an eye, making it more difficult to aim. [Ru sacrifice]
  4424 | D:6      | Noticed Duvessa
  4446 | D:6      | Killed Duvessa
  4624 | D:6      | Killed Dowan
  4668 | D:6      | Found an iron altar of Okawaru.
  5164 | D:6      | Reached skill level 10 in Long Blades
  5187 | D:7      | Noticed Meriados's ghost (novice DEFE)
  5631 | D:7      | Killed Meriados's ghost
  5733 | D:7      | Reached skill level 11 in Long Blades
  5758 | D:7      | Found a basalt altar of Yredelemnul.
  6103 | D:7      | Reached XP level 10. HP: 74/90 MP: 9/9
  6389 | D:8      | Found a hazy altar of Hepliaklqana.
  7343 | D:8      | Found a staircase to the Lair.
  7709 | D:9      | Found Kiogussu's Armour Shoppe.
  7716 | D:9      | Bought a +0 pair of gloves for 76 gold pieces
  7768 | D:9      | HP: 4/90 [vampire (8)]
  7776 | D:9      | HP: 3/90 [vampire/vampiric draining (13)]
  7777 | D:9      | Killed from afar by a vampire

Vault maps used:
D:1:      lemuel_arrival_river_passageway, st_stairs_14
D:2:      overflow_temple_1_default, nicolae_tso_swordbearing_angel,
          first_bread, uniq_crazy_yiuf_cottage
D:4:      serial_shops, nicolae_shop_waterfront
D:5:      nicolae_dithmenos_through_a_glass_darkly, basic_altar
D:6:      okawaru_altar_gauntlet_db, ashenzari_conservatory_becter,
          uniq_sigmund, uniq_menkaure, uniq_duvessa, uniq_pikel
D:7:      lemuel_zombie_altar_yredelemnul, hex_tiny, grunt_ogre_cave,
          kennysheep_boxes
D:8:      lemuel_doored_altar, lair_0_dummy
D:9:      nicolae_overflow_hidden_temple, lemuel_coloured_pillars_altar,
          kennysheep_mini, serial_shops, shop_fountains, uniq_psyche
Temple:   minmay_temple_bridge_abc

Skill      XL: |  1  2  3  4  5  6  7  8  9 10 |
---------------+-------------------------------+-----
Fighting       | 4 5 6 7 8 |  8.7
Long Blades    | 3 4 5 6 7 9 11 | 11.6
Armour         | 4 5 6 7 8 9 |  9.0
Shields        | 4 5 6 7 8 |  8.9

Action                   |  1- 3 |  4- 6 |  7- 9 | 10-12 || total
-------------------------+-------+-------+-------+-------++-------
Melee: Long sword        |    99 |   187 |    34 |       ||   320
       Headbutt          |    14 |    46 |    95 |    43 ||   198
       Scimitar          |       |       |   386 |   209 ||   595
Invok: Sacrifice an Eye  |       |       |     1 |       ||     1
  Use: Potion            |       |     1 |     2 |     3 ||     6
       Scroll            |       |       |     5 |       ||     5
  Eat: Chunk             |       |     7 |     5 |     7 ||    19
       Meat ration       |       |       |     1 |       ||     1
Armor: Scale mail        |    53 |    76 |   158 |    53 ||   340
       Chain mail        |       |       |       |    32 ||    32
Dodge: Dodged            |    25 |    36 |    89 |    31 ||   181
Block: Shield            |    39 |    88 |   203 |    78 ||   408
